AoeStats
← [ALT F4] ElPrimoRitis

Arena

510535400Analyzed
2v2 RM · 2d ago on Oct 1, 2026· 29m 2s· 4 players
Game mode
Random Map
Map size
Medium (4 player)
Population
200
Speed
Normal
Resources
Standard
Victory
Conquest
Starting age
Dark Age
Ending age
Imperial Age
RankedLock teamsTeams togetherTeam positionsShared explorationLock speedFull tech treeHidden civsTurbo modeCheats
Victory
Defeat
🇨🇳 Huns · China
939
+13
🇨🇳 Huns · China
855
+17
🇻🇳 Bohemians · Vietnam
943
-17
🇪🇸 Goths · Spain
817
-13
无语
10:07 Feudal Age
11:41 Double-Bit Axe
14:21 Castle Age
12:40 Horse Collar
13:40 Stone Mining
13:47 Gold Mining
15:23 Bow Saw
18:01 Heavy Plow
20:15 Scale Barding Armor
21:44 Bloodlines
22:22 Forging
23:23 Husbandry
24:32 Gold Shaft Mining
25:23 Chain Barding Armor
25:30 Loom
25:33 Town Watch
28:12 Iron Casting
30:07 Wheelbarrow
觅桃豚
12:06 Feudal Age
13:27 Double-Bit Axe
13:23 Horse Collar
17:32 Castle Age
20:08 Bloodlines
25:56 Husbandry
28:42 Scale Barding Armor
28:49 Forging
toilet gaming
7:34 Loom
10:18 Feudal Age
17:54 Castle Age
16:39 Double-Bit Axe
16:35 Horse Collar
17:14 Fletching
18:31 Town Watch
18:57 Bow Saw
19:36 Wheelbarrow
19:29 Crossbowman
20:07 Bodkin Arrow
20:54 Pikeman
21:54 Heavy Plow
24:03 Squires
24:07 Padded Archer Armor
24:10 Scale Mail Armor
25:28 Padded Archer Armor
27:07 Chain Mail Armor
27:14 Man-at-Arms
[ALT F4] ElPrimoRitis
0:26 Loom
12:47 Feudal Age
14:41 Double-Bit Axe
17:19 Castle Age
15:59 Stone Mining
15:53 Horse Collar
20:47 Bow Saw
Connection lost

Rejoining the realm…

Still unreachable

The connection could not be restored.

Session expired

The server has moved on; the page needs a fresh start.